cohdb
Replays
Latest Replays
All Replays
Popular Replays
Top Player Replays
Match Explorer
How It Works
Community
CoH3 Stats
Reddit
Sign in to upload your games and track your stats! →
Sign in with Steam
Match 40092642
Unlisted
Match 40092642
Overview
Messages
Build Orders
End
Panzergrenadier Squad
Selects Panzerjäger Kommand Battlegroup
Selects Blockade Equipment
Panzergrenadier Squad
Kradschützen Motorcycle Team
Construct Light Support Kompanie
Panzerjäger Squad
Fire Support Elements
Veteran Squad Leaders
Flakvierling Half-track
2.5-tonne Medical Truck
Selects Defensive Positions
Vehicle Survival Package
Construct Panzerarmee Kommand
Selects Butterfly Bomb Drop
MG34 Team
Butterfly Bomb Drop
Selects Tank Busters
Pak 38 Mechanized Group
Combat Half-tracks
Walking Stuka Rocket Launcher
Selects Crew Shock Tactics
MG34 Team
Panzerpioneer Squad
Butterfly Bomb Drop
Pak 38 Mechanized Group
Walking Stuka Rocket Launcher
2.5-tonne Medical Truck
Selects Anti-tank Overwatch
Walking Stuka Rocket Launcher
9T9
Ericese
rousong
Particycles
sh94
ComradeIgor
0
0
Comments
sign in to comment!
No comments posted yet!